 Dungeon Crawl Stone Soup version 0.24.0-2-g5b39cebb1c (webtiles) character file.

Game seed: 15114846478543776306, levelgen mode: deterministic

734 Mrkan the Cudgeler (level 7, -4/62 HPs)
             Began as a Minotaur Fighter on Oct 30, 2019.
             Was a Follower of Makhleb.
             Killed by divine providence
             ... invoked by an orc priest
              (14 damage)
             ... on level 3 of the Dungeon.
             The game lasted 00:08:41 (3543 turns).

Mrkan the Cudgeler (Minotaur Fighter)               Turns: 3543, Time: 00:08:42

Health: -4/62      AC: 10    Str: 20 (21) XL:     7   Next: 45%
Magic:  6/6        EV:  5    Int:  4 (5)  God:    Makhleb [*.....]
Gold:   178        SH: 10    Dex:  9 (11) Spells: 6/6 levels left

rFire    . . .     SeeInvis .   a - +0 flail
rCold    . . .     Gourm    .   c - +0 shield
rNeg     . . .     Faith    .   r - +0 chain mail
rPois    .         Spirit   .   (helmet restricted)
rElec    .         Reflect  .   (no cloak)
rCorr    .         Harm     .   (no gloves)
MR       .....                  (no boots)
Stlth    ..........             (no amulet)
HPRegen  0.20/turn              (no ring)
MPRegen  0.10/turn              (no ring)

@: no status effects
A: retaliatory headbutt, horns 2
a: Renounce Religion


You were on level 3 of the Dungeon.
You worshipped Makhleb.
Makhleb was aware of your devotion.
You were not hungry.

You visited 2 branches of the dungeon, and saw 7 of its levels.

You collected 178 gold pieces.

Inventory:

Hand Weapons
 a - a +0 flail (weapon)
 q - a +1 flail of protection
Armour
 c - a +0 shield (worn)
 r - a +0 chain mail (worn)
Scrolls
 b - a scroll of remove curse {unknown}
 e - 4 scrolls of teleportation {unknown}
 j - 2 scrolls of fear {unknown}
 k - a scroll of immolation {unknown}
 l - 3 scrolls of identify {unknown}
 m - a scroll of random uselessness {unknown}
 o - 2 scrolls of fog {unknown}
 s - a scroll of amnesia {unknown}
 t - a scroll of magic mapping {unknown}
 u - a scroll of noise {unknown}
Potions
 d - a potion of might
 h - a potion of lignification {unknown}
 i - a potion of invisibility {unknown}
 n - a potion of degeneration
 p - 2 potions of curing {unknown}
Comestibles
 f - 5 rations
 g - 2 chunks of flesh


   Skills:
 + Level 5.6 Fighting
 * Level 6.6 Maces & Flails
 + Level 5.6 Armour
 + Level 5.7 Shields
 + Level 1.0 Invocations


You had 6 spell levels left.
You didn't know any spells.
Your spell library was empty.

Dungeon Overview and Level Annotations

Branches:
Dungeon (6/15)             Temple (1/1) D:6

Altars:
Ashenzari
Cheibriados
Dithmenos
Elyvilon
Fedhas
Gozag
Hepliaklqana
Kikubaaqudgha
Makhleb
Nemelex Xobeh
Okawaru
Qazlal
Ru
Sif Muna
Trog
Vehumet
Wu Jian
Xom
Yredelemnul
Zin
The Shining One

Shops:
D:5 *


Innate Abilities, Weirdness & Mutations

You reflexively headbutt those who attack you in melee.
You have a pair of horns on your head.


Message History

You hear some strange, mumbled words.
Something tries to affect you, but you resist.
The orc priest calls down the wrath of Beogh upon you.
Something writhes in agony!
Reactivating autopickup.
You feel yourself speed up.
The orc wizard mumbles some strange words.
The orc wizard blinks!
The orc wizard gestures wildly while chanting.
The orc wizard blinks!
The orc wizard mumbles some strange words.
The orc wizard blinks!
The orc priest looks braver for a moment.
The orc priest casts a cantrip, but nothing happens.
The orc priest invokes the aid of Beogh against you.
Beogh smites you!
* * * LOW HITPOINT WARNING * * *
The orc priest calls down the wrath of Beogh upon you.
Beogh smites you!
You die... #...o.# #.###)# #.# #.# #.# #.# #.# #o### #o# #oo.o

############# #.# #....
#...........#########.# #....
#......)....@....o..#o# #....
####...........#######.#.# #....
#....#################.#.# #....
#...>..................o.# .....
#..รท......############...#######
#.........# #...#... #.........#
###.#.# #....###### #...#
####'#### ##..#


You could see an orc priest.

Vanquished Creatures
  Sigmund (D:6)
  An ice beast (Temple)
  2 howler monkeys
  2 bullfrog skeletons
  2 hounds
  2 orc wizards
  A worker ant (Temple)
  2 hound skeletons (D:4)
  4 adders
  2 oozes (D:1)
  5 worms
  2 dart slugs
  4 leopard geckos
  16 orcs
  A giant cockroach (D:4)
  5 goblins
  12 hobgoblins
  18 jackals
  A quokka (D:3)
  10 bats
  7 frilled lizards
  9 kobolds
  13 rats
122 creatures vanquished.

Vanquished Creatures (others)
  An orc wizard (D:3)
1 creature vanquished.

Grand Total: 123 creatures vanquished

Notes
Turn   | Place    | Note
-------+----------+-------------------------------------------
     0 | D:1      | Mrkan the Minotaur Fighter began the quest for the Orb.
     0 | D:1      | Reached XP level 1. HP: 19/19 MP: 0/0
    30 | D:1      | Reached XP level 2. HP: 13/27 MP: 1/1
   369 | D:1      | Reached skill level 3 in Maces & Flails
   506 | D:1      | Reached XP level 3. HP: 18/33 MP: 2/2
  1171 | D:2      | Reached XP level 4. HP: 28/40 MP: 3/3
  1422 | D:2      | Reached skill level 4 in Maces & Flails
  1961 | D:3      | Reached XP level 5. HP: 28/47 MP: 4/4
  1986 | D:3      | You fall into a shaft and drop 3 floors!
  1996 | D:6      | Noticed Sigmund
  1996 | D:6      | Noticed an ice beast
  1998 | D:6      | Found a staircase to the Ecumenical Temple.
  2018 | Temple   | Entered the Ecumenical Temple
  2469 | Temple   | Became a worshipper of Makhleb the Destroyer
  2520 | Temple   | Killed an ice beast
  2520 | Temple   | Reached skill level 5 in Maces & Flails
  2520 | Temple   | Reached skill level 5 in Shields
  2520 | Temple   | Reached XP level 6. HP: 36/55 MP: 5/5
  2522 | Temple   | Reached skill level 5 in Fighting
  2642 | Temple   | Reached skill level 5 in Armour
  2755 | D:6      | Killed Sigmund
  2755 | D:6      | Reached skill level 6 in Maces & Flails
  2755 | D:6      | Reached XP level 7. HP: 49/61 MP: 6/6
  2810 | D:5      | Entered Level 5 of the Dungeon
  2846 | D:5      | Found Uvawed's Assorted Antiques.
  3031 | D:4      | Reached * piety under Makhleb
  3438 | D:3      | Reached skill level 1 in Invocations
  3543 | D:3      | Killed from afar by an orc priest

Levels and vault maps discovered:
D:1:      beargit_arrival_greenhouse, layout_loops_cross
D:2:      layout_loops_ring, st_stairs_7, dk_noncrumbling_2
D:3:      layout_basic
D:4:      minmay_door_path, layout_basic, nicolae_overflow_hidden_temple,
          first_ration, hangedman_abyss_or_decor_slice, minmay_diced_spiral
D:5:      layout_loops_cross, serial_shops, kennysheep_little_box, uniq_grinder
D:6:      layout_layer_cave, minmay_temple_entry_slanted, uniq_sigmund
Temple:   regret_index_temple_sigil_plot

Skill      XL: |  1  2  3  4  5  6  7 |
---------------+----------------------+-----
Maces & Flails | 3 4 5 6 |  6.6
Fighting       | 4 5 |  5.6
Armour         | 4 5 |  5.6
Shields        | 4 5 |  5.7
Invocations    | 1 |  1.0

Action                   |  1- 3 |  4- 6 |  7- 9 || total
-------------------------+-------+-------+-------++-------
Melee: Flail             |   101 |   140 |   113 ||   354
       Headbutt          |    15 |    23 |    23 ||    61
  Use: Potion            |       |       |     1 ||     1
  Eat: Chunk             |     1 |     3 |     2 ||     6
       Ration            |       |     1 |       ||     1
Armor: Scale mail        |    44 |    54 |    22 ||   120
       Chain mail        |       |       |    34 ||    34
Dodge: Dodged            |    45 |    46 |    26 ||   117
Block: Shield            |    45 |    89 |    57 ||   191
